 Dungeon Crawl Stone Soup version bcrawl-1.34.4 (webtiles) character file.

Game seed: 3605019303469960912

224120 KristoblXynda the Chopper (level 6, -6/48 HPs)
             Began as a Demonspawn Gladiator on Nov 3, 2021.
             Killed by divine providence
             ... invoked by an orc priest
              (10 damage)
             ... on level 3 of the Dungeon.
             The game lasted 00:02:55 (2183 turns).

KristoblXynda the Chopper (Demonspawn Gladiator)    Turns: 2183, Time: 00:02:55

Health: -6/48      AC:  8    Str: 17    XL:     6   Next: 20%
Magic:  0/6        EV: 12    Int:  9    God:
Gold:   208        SH:  0    Dex: 20    Spells: 5/5 levels left

rFire    + + .     SeeInvis .   a - +0 war axe
rCold    . . .     Gourm    .   (no shield)
rNeg     . . .     Faith    .   k - +0 scale mail
rPois    .         Spirit   +   c - +0 helmet
rElec    .         Reflect  .   q - scarf {clouds}
rCorr    .         Harm     .   (no gloves)
MR       .....                  g - +0 pair of boots
Stlth    ..........             (no amulet)
HPRegen  0.16/turn              n - ring of protection from fire
MPRegen  0.10/turn              (no ring)

@: no status effects
A: flexible skeleton 2, fire resistance 1, magic shield
a: Evoke Fog


You were on level 3 of the Dungeon.
You were not hungry.

You visited 1 branch of the dungeon, and saw 3 of its levels.

You collected 208 gold pieces.

Inventory:

Hand Weapons
 a - a +0 war axe (weapon)
 f - a +0 morningstar
Missiles
 d - 2 throwing nets (quivered) {=f}
Armour
 c - a +0 helmet (worn)
 g - a +0 pair of boots (worn)
 k - a +0 scale mail (worn)
 q - a scarf of clouds (worn)
Jewellery
 n - a ring of protection from fire (left hand)
Scrolls
 b - a scroll of enchant armour {unknown}
 i - a scroll of identify
 l - a scroll of fear {unknown}
 o - 3 scrolls of amnesia {unknown}
Potions
 h - a potion of brilliance {unknown}
 j - a potion of magic
 m - 2 potions of curing
 r - a potion of cancellation {unknown}
Comestibles
 e - 5 rations {!d}


   Skills:
 + Level 4.1 Fighting
 * Level 4.4 Axes
 - Level 2.0 Throwing
 + Level 2.1 Armour
 + Level 3.7 Dodging


You had 5 spell levels left.
You didn't know any spells.
Your spell library was empty.

Dungeon Overview and Level Annotations

Branches:
Dungeon (3/12)

Altars:


Innate Abilities, Weirdness & Mutations

Your skeleton is quite flexible. (Dex +6)
Your flesh is heat resistant. (rF+)
When hurt, damage is shared between your health and your magic reserves.


Message History

The orc priest misses you.
Throwing (i - inventory)
d - 3 throwing nets (quivered)
{=f}
Press: ? - help, Shift-Dir - straight line, f - orc priest
Aim: an orc priest, wielding a +0 flail and wearing a +0 ring mail You throw a throwing net {=f}.
The throwing net {=f} hits the orc priest.
The orc priest is caught in the net!
The orc priest struggles against the net.
You hit the orc priest but do no damage.
The orc priest calls down the wrath of Beogh upon you.
Pain shoots through your body!
* * * LOW HITPOINT WARNING * * *
The orc priest struggles against the net.
You hit the orc priest.
The orc priest is severely wounded.
You hit the orc priest.
The orc priest is almost dead.
The orc priest calls down the wrath of Beogh upon you.
Beogh smites you!
You die...

#...# #.# #.# .###
#.# #.# ## #.# #†#
#.# #.# #<###.#
#.##..# . #.##.##
..?.##########.##.#
......o@.......##.#
....#########..##.#
. #..##.# #..##.#
#..##.#
#.#####(.##.#
.........##.#
.#####..###.# #..#
#.#


You could see an orc priest (caught).

Vanquished Creatures
  Sigmund (D:2)
  An orc priest (D:3)
  Terence (D:2)
  An adder (D:3)
  An ooze (D:3)
  An adder skeleton (D:2)
  4 worms
  2 dart slugs
  7 leopard geckos
  3 orcs (D:3)
  4 bats
  A giant cockroach (D:3)
  8 goblins
  15 hobgoblins
  6 kobolds
  A ball python (D:2)
  4 frilled lizards
  8 rats
69 creatures vanquished.

Notes
Turn   | Place    | Note
-------+----------+-------------------------------------------
     0 | D:1      | KristoblXynda the Demonspawn Gladiator began the quest for
                  | the Orb.
     0 | D:1      | Reached XP level 1. HP: 18/18 MP: 1/1
   112 | D:1      | Gained mutation: When hurt, damage is shared between your
                  | health and your magic reserves. [demonic ancestry]
   112 | D:1      | Reached XP level 2. HP: 17/24 MP: 2/2
   549 | D:1      | Reached XP level 3. HP: 26/29 MP: 3/3
   865 | D:2      | Noticed Terence
   877 | D:2      | Killed Terence
   878 | D:2      | Reached skill level 1 in Armour
   878 | D:2      | Gained mutation: Your flesh is heat resistant. (rF+)
                  | [demonic ancestry]
   878 | D:2      | Reached XP level 4. HP: 30/35 MP: 2/4
  1276 | D:2      | Noticed Sigmund
  1297 | D:2      | Killed Sigmund
  1298 | D:2      | Gained mutation: Your skeleton is somewhat flexible. (Dex
                  | +3) [demonic ancestry]
  1298 | D:2      | Reached XP level 5. HP: 26/42 MP: 0/5
  1996 | D:3      | Gained mutation: Your skeleton is quite flexible. (Dex +6)
                  | [demonic ancestry]
  1996 | D:3      | Reached XP level 6. HP: 44/48 MP: 6/6
  2183 | D:3      | Killed from afar by an orc priest

Skill      XL: |  1  2  3  4  5 |
---------------+----------------+-----
Throwing       | 2 |  2.0
Axes           | 3 4 |  4.4
Dodging        | 3 |  3.7
Armour         | 1 2 |  2.1
Fighting       | 4 |  4.1

Action                   |  1- 3 |  4- 6 || total
-------------------------+-------+-------++-------
Melee: War axe           |    82 |   118 ||   200
Throw: Throwing net      |       |     1 ||     1
  Use: Potion            |       |     3 ||     3
       Scroll            |       |     2 ||     2
 Stab: Sleeping          |     1 |       ||     1
  Eat: Chunk             |     2 |     9 ||    11
Armor: Leather armour    |    24 |       ||    24
       Scale mail        |       |    45 ||    45
Dodge: Dodged            |    49 |    63 ||   112
